 Dungeon Crawl Stone Soup version 0.31-a0-1110-gab28811 (webtiles) character file.

Game seed: 1741762010270731939

1831107 Kearsarge the Slayer (level 25, 227/227 HPs)
             Began as a Vampire Wanderer on Dec 3, 2023.
             Was an Initiate of Gozag.
             Escaped with the Orb
             ... and 3 runes!
             The game lasted 02:05:26 (56156 turns).

Kearsarge the Slayer (Vampire Wanderer)            Turns: 56156, Time: 02:05:26

Health: 227/227    AC: 40    Str: 18    XL:     25   Next: 59%
Magic:  24/24      EV: 16    Int: 17    God:    Gozag
Gold:   2293       SH: 18    Dex: 14    Spells: 23/26 levels left

rFire   + .          .
                       - Unarmed
rCold   + + +        C - +5 kite shield {reflect}
rNeg    + + .        Z - +9 storm dragon scales of Uskayaw {rElec rPois rC+ Stlth+}
rPois   +            v - +2 helmet
rElec   +            u - +1 cloak of the Silversmith {rF+}
rCorr   .            i - +3 pair of gauntlets of War {Slay+5}
SInv    +            c - +3 pair of mountain boots {steadfast, rC+}
Will    +++..        G - amulet of regeneration
Stlth   +            d - ring of willpower
HPRegen 1.57/turn    X - ring "Vobrezid" {rC+ rN++}
MPRegen 0.19/turn

%: reflection
@: healing quickly, studying Conjurations
A: alive, fangs 3, see invisible, vampiric 2, claws 1, dopey 1, MP-powered wands
0: Orb of Zot
}: 3/15 runes: decaying, silver, gossamer
a: Exsanguinate, Renounce Religion, Potion Petition, Call Merchant, Bribe Branch


You escaped.
You worshipped Gozag.
Gozag was most pleased with you.
You visited 10 branches of the dungeon, and saw 48 of its levels.
You visited the Abyss 3 times.
You visited 1 bazaar.
You visited 1 ziggurat, and saw 4 of its levels.
You also visited: Trove, Sewer, Gauntlet, Ice Cave and Desolation.

You collected 27502 gold pieces.
You spent 7145 gold pieces at shops.
You paid 18064 gold pieces to Gozag.

Inventory:

Missiles
 l - 3 throwing nets
 B - 6 poisoned darts
Armour
 c - the +3 pair of mountain boots (worn) {steadfast, rC+}
   (You acquired it on level 3 of the Dungeon)

   Steadfast: It prevents involuntary movement, except for blinking,
   teleportation, or banishment.
   rC+:       It protects you from cold.
 i - the +3 pair of gauntlets of War (worn) {Slay+5}
   (You bought it in a shop on level 1 of the Spider Nest)

   Slay+5:    It affects your accuracy & damage with ranged weapons and melee
   (+5).
 u - the +1 cloak of the Silversmith (worn) {rF+}
   (You found it in a treasure trove)

   rF+:       It protects you from fire.
 v - a +2 helmet (worn)
 x - the +0 pair of gloves "Extowut" {rN+ Will+}
   (You took it off Nikola on level 3 of the Swamp)

   rN+:       It protects you from negative energy.
   Will+:     It increases your willpower.
 C - a +5 kite shield of reflection (worn)
 W - a scarf of repulsion
 Z - the +9 storm dragon scales of Uskayaw (worn) {rElec rPois rC+ Stlth+}
   (You took it off a minotaur in a Gauntlet)

   rC+:       It protects you from cold.
   rElec:     It insulates you from electricity.
   rPois:     It protects you from poison Stlth+: It makes you more stealthy.
Jewellery
 d - a ring of willpower (left hand)
 D - a ring of flight
 G - an amulet of regeneration (around neck)
 U - a ring of protection from fire
 X - the ring "Vobrezid" (right hand) {rC+ rN++}
   (You took it off a deep elf death mage on level 5 of the Vaults)

   [ring of protection from cold]

   rC+:       It protects you from cold.
   rN++:      It greatly protects you from negative energy.
 Y - the ring "Umiogemm" {rElec rC+}
   (You found it in a Gauntlet)

   [ring of protection from cold]

   rC+:       It protects you from cold.
   rElec:     It insulates you from electricity.
Wands
 g - a wand of mindburst (35)
 n - a wand of polymorph (10)
 y - a wand of iceblast (28)
 K - a wand of charming (45)
 L - a wand of quicksilver (17)
 O - a wand of flame (86)
Scrolls
 a - 2 scrolls of teleportation
 e - 8 scrolls of amnesia
 h - 2 scrolls of brand weapon
 j - 9 scrolls of noise
 o - 3 scrolls of fear
 t - a scroll of summoning
 w - 4 scrolls of torment
 z - 4 scrolls of poison
 E - a scroll of immolation
 F - 13 scrolls of vulnerability
 J - 9 scrolls of enchant weapon
 M - 4 scrolls of fog
 N - a scroll of silence
 T - 2 scrolls of blinking
Potions
 b - a potion of resistance
 f - 14 potions of curing
 k - 11 potions of mutation
 m - 7 potions of brilliance
 p - 10 potions of heal wounds
 q - a potion of lignification
 r - 3 potions of ambrosia
 s - 2 potions of cancellation
 A - 6 potions of magic
 H - 6 potions of attraction
 I - a potion of berserk rage
 R - 2 potions of invisibility
Miscellaneous
 Q - a lightning rod (4/4)
 S - a phial of floods
 V - a phantom mirror


   Skills:
 - Level 25.0 Fighting
 - Level 1.5 Throwing
 + Level 13.2 Armour
 - Level 23.4 Dodging
 - Level 5.0 Stealth
 - Level 15.0 Shields
 - Level 24.0 Unarmed Combat
 - Level 1.0 Spellcasting
 - Level 4.0 Summonings
 - Level 1.0 Ice Magic
 - Level 1.0 Evocations
 - Level 2.8 Shapeshifting


You had 23 spell levels left.
You knew the following spells:

 Your Spells              Type           Power      Damage    Failure   Level
a - Freeze                Ice            16%        1d4       86%         1
b - Call Imp              Summ           28%        N/A       58%         2

Your spell library contained the following spells:

 Spells                   Type           Power      Damage    Failure   Level
 Summon Small Mammal      Summ           56%        N/A       43%         1
 Apportation              Tloc           0%         N/A       94%         1
 Foxfire                  Conj/Fire      0%         2x1d4     94%         1
 Magic Dart               Conj           0%         1d3       94%         1
 Sandblast                Erth           0%         2d4       94%         1
 Shock                    Conj/Air       0%         1d3       94%         1
 Sting                    Tmut/Pois      0%         1d3       94%         1
 Ensorcelled Hibernation  Hex/Ice        4%         N/A       97%         2
 Blink                    Tloc           0%         N/A       98%         2
 Cigotuvi's Dreadful Rot  Necr/Pois/Air  0%         N/A       98%         2
 Jinxbite                 Hex            0%         N/A       98%         2
 Lesser Beckoning         Tloc           0%         N/A       98%         2
 Momentum Strike          Conj/Tloc      0%         3d8       98%         2
 Poisonous Vapours        Pois/Air       0%         N/A       98%         2
 Scorch                   Fire           0%         2d5       98%         2
 Static Discharge         Conj/Air       0%         3-3/arc   98%         2
 Wereblood                Tmut           0%         N/A       98%         2
 Frozen Ramparts          Ice            8%         1d2       99%         3
 Hailstorm                Conj/Ice       2%         3d3       99%         3
 Dazzling Flash           Conj/Hex       0%         N/A       100%        3
 Gell's Gravitas          Tloc           0%         N/A       100%        3
 Ignite Poison            Fire/Tmut/Pois 0%         N/A       100%        3
 Inner Flame              Hex/Fire       0%         N/A       100%        3
 Mephitic Cloud           Conj/Pois/Air  0%         N/A       100%        3
 Stone Arrow              Conj/Erth      0%         3d7       100%        3
 Swiftness                Air            0%         N/A       100%        3
 Teleport Other           Tloc           0%         N/A       100%        3
 Airstrike                Air            0%         2d(0-16)  100%        4
 Anguish                  Hex/Necr       0%         N/A       100%        4
 Dimensional Bullseye     Hex/Tloc       0%         N/A       100%        4
 Dispel Undead            Necr           0%         3d6       100%        4
 Leda's Liquefaction      Hex/Erth       0%         N/A       100%        4
 Manifold Assault         Tloc           0%         N/A       100%        4
 Olgreb's Toxic Radiance  Pois           0%         N/A       100%        4
 Petrify                  Tmut/Erth      0%         N/A       100%        4
 Summon Lightning Spire   Summ/Air       7%         N/A       100%        4
 Alistair's Intoxication  Tmut/Pois      0%         N/A       100%        5
 Borgnjor's Vile Clutch   Necr/Erth      0%         N/A       100%        5
 Freezing Cloud           Conj/Ice/Air   0%         6-21      100%        5
 Iskenderun's Battlesphe  Conj           0%         2d6       100%        5
 Summon Forest            Summ/Tloc      3%         N/A       100%        5
 Summon Mana Viper        Hex/Summ       7%         N/A       100%        5
 Yara's Violent Unravell  Hex/Tmut       0%         3d3       100%        5
 Bombard                  Conj/Erth      0%         9d1       100%        6
 Death Channel            Necr           0%         N/A       100%        6
 Dispersal                Tloc           0%         N/A       100%        6
 Eringya's Noxious Bog    Tmut/Pois      0%         4d6       100%        6
 Starburst                Conj/Fire      0%         6d3       100%        6
 Summon Cactus Giant      Summ           7%         N/A       100%        6
 Enfeeble                 Hex            0%         N/A       100%        7
 Haunt                    Necr/Summ      3%         N/A       100%        7
 Malign Gateway           Summ/Tloc      3%         N/A       100%        7
 Ozocubu's Refrigeration  Ice            2%         4d7       100%        7
 Spellforged Servitor     Conj/Summ      3%         N/A       100%        7
 Disjunction              Tloc           0%         N/A       100%        8
 Lehudib's Crystal Spear  Conj/Erth      0%         10d2      100%        8
 Chain Lightning          Conj/Air       0%         N/A       100%        9
 Polar Vortex             Ice            2%         N/A       100%        9
 Shatter                  Erth           0%         3d5*      100%        9
 Animate Dead             Necr           Unusable   N/A       N/A         4
 Simulacrum               Ice/Necr       Unusable   N/A       N/A         6

Dungeon Overview and Level Annotations

Branches:
Dungeon (15/15)            Temple (1/1) D:7            Lair (5/5) D:8
  Swamp (4/4) Lair:2       Spider (4/4) Lair:2        Slime (0/5) Lair:5
    Orc (2/2) D:10            Elf (3/3) Orc:2        Vaults (5/5) D:13
  Crypt (0/3) Vaults:2     Depths (4/4) D:15            Zot (5/5) Depths:4
  Sewer (visited)           IceCv (visited)         Desolation (visited)
Gauntlet (visited)

Altars:
Ashenzari
Cheibriados
Dithmenos
Fedhas
Gozag
Hepliaklqana
Kikubaaqudgha
Makhleb
Nemelex Xobeh
Okawaru
Qazlal
Ru
Sif Muna
Trog
Uskayaw
Vehumet
Wu Jian
Xom
Yredelemnul

Shops:
D:2 *   D:3 ?!*   D:5 *   D:10 :!((   D:11 [   Orc:2 *!?[   Elf:1 ==:   Elf:2 *
Elf:3 ?   Lair:4 [   Swamp:1 =   Spider:1 [   Vaults:1 :[   Vaults:2 :
Vaults:4 *   Depths:2 :

Portals:
Hell: Depths:1 Depths:2 Depths:3 Depths:4
Abyss: Depths:1 Depths:2 Depths:3*
Pandemonium: Depths:2

Annotations:
D:2 1 runed translucent door, Crazy Yiuf
D:11 3 runed translucent doors, Soulflayer's ghost, journeyman TrBe; ulamog's ghost, journeyman TrFi; wqsa789's ghost, journeyman GrFi; wqsa789's ghost, novice AtFi
D:12 3 runed translucent doors, Caerwyn's ghost, journeyman MfSh; rotlqkf's ghost, journeyman DECj
Lair:5 exclusion: oklob plant
Elf:1 6 runed translucent doors
Elf:2 5 runed translucent doors
Zot:2 3 runed translucent doors
Zot:4 1 runed translucent door, Jyfueq's ghost, master GrHu


Innate Abilities, Weirdness & Mutations

Your natural rate of healing is accelerated.
You have razor-sharp teeth.
You have supernaturally acute eyesight. (SInv)
You are afflicted with vampirism and can become a bat while bloodless.
You have sharp fingernails.
You are dopey. (Int -2)
You expend magic power (3 MP) to strengthen your wands.


Message History

You start resting.
Your surroundings suddenly seem different.
As you read the scroll of teleportation, it crumbles to dust.
You feel strangely unstable.
You feel the Orb delaying your translocation!
You start resting.
Your surroundings suddenly seem different.
As you read the scroll of teleportation, it crumbles to dust.
You feel strangely unstable.
You feel the Orb delaying your translocation!
You start resting.
Your surroundings seem slightly different.
As you read the scroll of teleportation, it crumbles to dust.
You feel strangely unstable.
You feel the Orb delaying your translocation!
You start resting.
Your surroundings suddenly seem different.
You see here a hobgoblin skeleton.
HP restored.
A lorocyproca comes into view.
Blink to where?
Press: ? - help, Q - select action, (/) - cycle Dir - move target
As you read the scroll of blinking, it crumbles to dust.
Blink to where?
Press: ? - help, Q - select action, (/) - cycle Dir - move target
As you read the scroll of blinking, it crumbles to dust.
A lorocyproca is nearby!
Blink to where?
Press: ? - help, Q - select action, (/) - cycle Dir - move target
As you read the scroll of blinking, it crumbles to dust.
Blink to where?
Press: ? - help, Q - select action, (/) - cycle Dir - move target
As you read the scroll of blinking, it crumbles to dust.
Blink to where?
Press: ? - help, Q - select action, (/) - cycle Dir - move target
As you read the scroll of blinking, it crumbles to dust.
Blink to where?
Press: ? - help, Q - select action, (/) - cycle Dir - move target
As you read the scroll of blinking, it crumbles to dust.
You have escaped!

###### #....# ###########....#
############⌠........#....#
...........#...≈≈≈≈§.#....#
........####..............#
........# #>.8..@.........#
...2.#.#####.).......§....#
#..#...# #.#...≈≈§≈≈.#....#
##§###^###)#⌠..).....#....# #
#..##..#..############.### ##
##..#....##......§..##)## ###.
##.##...#§.###.......§.## #...
#÷###....###.......)...####.##
#.###....# #........##.##...#


There were no monsters in sight!

Vanquished Creatures
  Mennas (Vaults:2)
  Saint Roka (Depths:1)
  2 pandemonium lords
  2 golden dragons
  Jory (Vaults:2)
  Nikola (Swamp:3)
  A bone dragon (Depths:4)
  An electric golem (Zot:4)
  6 tentacled monstrosities
  4 Orb Guardians
  2 Ice Fiends
  Mlioglotl (Spider:4)
  2 liches
  2 quicksilver dragons (Zot:4)
  3 deep elf master archers (Elf:3)
  4 deep elf blademasters (Elf:3)
  3 sphinxes
  A tentacled starspawn (Abyss:3)
  2 death cobs (Zot:4)
  Kirke (D:13)
  An ancient champion (Zig:2)
  Aizul (Swamp:3)
  7 shadow dragons
  A revenant (Depths:2)
  2 thorn hunters
  2 fenstrider witches (Zig:4)
  A tengu reaver (Vaults:2)
  4 storm dragons
  2 draconian knights
  Roxanne (Elf:2)
  5 draconian monks
  4 fire giants
  8 deep elf sorcerers (Elf:3)
  16 emperor scorpions
  An imperial myrmidon (Desolation)
  24 vault wardens
  3 frost giants
  4 ghost moths
  A balrug (Gauntlet)
  4 deep elf elementalists (Elf:3)
  3 draconian scorchers
  3 draconian shifters (Zot:4)
  2 spriggan defenders (Depths:2)
  2 ghouls (Swamp:2)
  An orc warlord (Vaults:1)
  14 ironbound preservers
  A draconian annihilator (Depths:4)
  A caustic shrike skeleton (Depths:3)
  A demonspawn corrupter (Zig:3)
  A broodmother (Spider:2)
  4 formless jellyfish
  4 war gargoyles
  11 stone giants
  A draconian stormcaller (Depths:4)
  A cacodemon (Zot:4)
  2 juggernaut skeletons (Depths:3)
  6 ironbound thunderhulks
  8 very ugly things
  8 deep elf demonologists
  Azrael (Elf:1)
  2 eleionomae
  A lorocyproca (Zot:4)
  4 vampire knights
  2 white draconians
  Nessos (D:12)
  3 black draconians
  3 halazid warlocks (Desolation)
  5 bunyips
  2 green draconians (Zot:4)
  7 red draconians
  8 deep elf annihilators (Elf:3)
  A minotaur (Gauntlet)
  2 purple draconians
  9 dire elephants
  6 yellow draconians
  5 jiangshi
  8 spark wasps
  An eidolon (Depths:1)
  12 ettins
  A blizzard demon (Depths:2)
  8 deep elf death magi
  A crystal guardian (Desolation)
  A green death (Zot:2)
  8 entropy weavers
  3 fire dragons
  12 yaktaur captains
  Josephine (D:15)
  10 deep elf high priests
  9 servants of whispers (Desolation)
  Erolcha (D:9)
  10 ragged hierophants (Desolation)
  20 vault guards
  8 great orbs of eyes
  5 rakshasas
  A salamander tyrant (Depths:1)
  4 ice dragons
  3 ghost crabs
  3 quicksilver dragon skeletons (Depths:3)
  5 spriggan air magi (Depths:4)
  25 hydras
  A sphinx zombie (Depths:3)
  A caustic shrike simulacrum (IceCv)
  An anaconda (Lair:5)
  A catoblepas (D:14)
  7 peacekeepers (Desolation)
  16 centaur warriors
  3 jorogumos
  5 ogre magi
  3 radroaches
  14 alligators
  9 ironbound frosthearts
  A spriggan skeleton (Depths:3)
  A merfolk avatar (Lair:5)
  9 boulder beetles
  3 hell beasts
  22 two-headed ogres
  A death scarab (Gauntlet)
  2 vampire magi
  16 dancing weapons
  3 deep troll shamans (Depths:2)
  An orc high priest (D:10)
  2 deep troll earth magi
  A sphinx skeleton (Depths:3)
  3 thrashing horrors (Abyss:2)
  8 demonic crawlers
  4 spriggan berserkers
  19 deep elf knights
  A soul eater (Zot:4)
  A sun demon (Depths:2)
  9 hell knights
  Amaemon (D:9)
  5 skeletal warriors (D:12)
  A death drake (shapeshifter) (D:15)
  3 skysharks (Lair:5)
  2 wretched stars (Abyss:2)
  A titan skeleton (Depths:3)
  3 goliath frogs
  6 pharaoh ants
  A cherub (D:5)
  A quicksilver dragon simulacrum (Depths:1)
  2 golden dragon zombies (Depths:3)
  2 sea snakes (Lair:5)
  7 spriggan simulacra (IceCv)
  9 swamp dragons
  4 flayed ghosts
  2 glowing orange brains
  A shadow demon (Zot:4)
  15 orb spiders
  13 deep elf archers
  A golden dragon skeleton (Depths:3)
  An obsidian statue (IceCv)
  A spriggan druid (Swamp:4)
  45 deep trolls
  7 arcanists
  3 phantasmal warriors (Vaults:5)
  3 bog bodies
  18 ironbound convokers
  5 steelbarb worms
  5 orc knights
  A mana viper (shapeshifter) (D:14)
  A tengu zombie (Vaults:4)
  21 deep elf pyromancers
  14 lindwurms
  8 necromancers
  4 cyclopes
  14 wolf spiders
  22 deep elf zephyrmancers
  A manticore (shapeshifter) (Vaults:5)
  5 orc sorcerers
  A frost giant zombie (Depths:3)
  15 ugly things
  An iron dragon zombie (Depths:3)
  9 moths of wrath
  4 manticores
  3 will-o-the-wisps
  An iron dragon skeleton (Depths:3)
  10 elephants
  A molten gargoyle (Desolation)
  2 kobold blastminers (Orc:2)
  4 guardian serpents (Desolation)
  A frost giant skeleton (Depths:3)
  5 torpor snails
  4 black mambas
  3 smoke demons
  8 cane toads
  Joseph (D:9)
  19 vault sentinels
  3 orange demons
  An elephant (shapeshifter) (Depths:3)
  7 rime drakes
  3 gargoyles
  An efreet (D:14)
  A yaktaur zombie (Vaults:4)
  A rime drake (shapeshifter) (Abyss:2)
  16 yaktaurs
  5 freezing wraiths
  13 large abominations
  9 ice devils (IceCv)
  3 anaconda simulacra (IceCv)
  10 komodo dragons
  A tengu conjurer (Depths:1)
  4 polar bears
  3 ancient zymes
  4 meliai
  9 trolls
  A wind drake (Lair:5)
  2 hellwings
  12 tarantellas
  9 hornets
  8 tyrant leeches
  4 alligator simulacra (IceCv)
  A dream sheep (Lair:3)
  74 saltlings (Desolation)
  13 blink frogs
  A spectral black mamba (Gauntlet)
  8 raiju
  A snapping turtle (Lair:5)
  15 slime creatures
  29 culicivoras
  3 air elementals
  27 jumping spiders
  9 small abominations
  A dire elephant simulacrum (IceCv)
  2 shadows
  10 flying skulls
  8 spriggans
  7 water elementals
  6 wraiths
  5 wyverns
  8 ynoxinuls
  38 yaks
  4 basilisks
  3 humans (D:13)
  A yak (shapeshifter) (Elf:3)
  A hog (D:13)
  58 redbacks
  A wyvern (shapeshifter) (Elf:1)
  2 steam dragons
  6 chaos spawn
  A fire elemental (Elf:1)
  A redback (shapeshifter) (Depths:1)
  A vampire mosquito (Zig:4)
  8 minotaur simulacra (IceCv)
  13 swamp worms
  3 wargs
  2 glowing shapeshifter zombies
  A harpy simulacrum (IceCv)
  A human skeleton (Depths:3)
  15 water moccasins
  2 glowing shapeshifter skeletons (Depths:3)
  6 hell hounds
  2 black bears
  2 ice beasts
  18 orc warriors
  A sky beast (D:6)
  6 swamp drakes (Swamp:4)
  16 wolves
  30 ogres
  A centaur (D:10)
  13 bullfrogs
  5 kobold brigands
  2 gnoll sergeants
  5 brain worms
  3 earth elementals
  10 deep troll simulacra (IceCv)
  3 necrophages
  A scorpion (D:4)
  6 wights
  15 killer bees
  5 electric eels
  2 howler monkeys (D:9)
  3 jellies
  A quasit (Abyss:2)
  11 orc priests
  17 starcursed masses
  2 hounds
  5 iguanas
  23 orc wizards
  Natasha (thrice) (D:3)
  11 hell rats
  5 gnolls
  6 adders
  3 shadow imps
  A white imp (D:5)
  3 ufetubi (Abyss:2)
  A worm (D:2)
  3 dart slugs
  70 orcs
  3 ball pythons
  An endoplasm (shapeshifter) (Vaults:5)
  13 endoplasms
  13 giant cockroaches
  12 goblins
  9 hobgoblins
  4 jackals (D:4)
  21 kobolds
  3 quokkas (D:1)
  3 bats
  4 frilled lizards
  A goblin zombie (D:6)
  3 hobgoblin zombies (D:6)
  A kobold skeleton (D:6)
  A kobold zombie (D:6)
  5 rats
  A rat (shapeshifter) (Depths:4)
  A starspawn tentacle (Abyss:3)
1887 creatures vanquished.

Vanquished Creatures (collateral kills)
  A dread lich (Zot:5)
  An ancient lich (Zot:5)
  2 Killer Klowns (Zot:5)
  A golden dragon (Zot:5)
  2 electric golems (Zot:5)
  2 tentacled monstrosities
  16 Orb Guardians (Zot:5)
  2 death cobs (Zot:5)
  3 storm dragons (Zot:5)
  A shadow dragon (Zot:5)
  A draconian monk (Zot:5)
  Donald (Swamp:4)
  3 draconian scorchers (Zot:5)
  A draconian shifter (Zot:5)
  A yellow draconian (Zot:5)
  A black draconian (Zot:5)
  A green draconian (Zot:5)
  A white draconian (Zot:5)
  3 purple draconians (Zot:5)
  3 red draconians (Zot:5)
  6 vault guards (Vaults:5)
  A two-headed ogre (Orc:2)
  A deep troll earth mage (Vaults:5)
  A swamp dragon (Swamp:4)
  3 moths of wrath (Zot:5)
  Psyche (D:12)
  A neqoxec (Abyss:2)
  A small abomination (Abyss:2)
  2 killer bees (D:9)
  2 gnolls (D:10)
  An ufetubus (Abyss:2)
67 creatures vanquished.

Vanquished Creatures (others)
  A dread lich (Vaults:5)
  An orb of fire (Zot:5)
  A Killer Klown (Zot:5)
  A golden dragon (Vaults:5)
  5 tentacled monstrosities
  3 Orb Guardians (Zot:5)
  2 titans (Vaults:5)
  A quicksilver dragon (Vaults:5)
  A sphinx (Vaults:5)
  A shadow dragon (Vaults:5)
  2 tengu reavers (Vaults:5)
  A storm dragon (Vaults:5)
  A fire giant (Vaults:5)
  2 frost giants (Vaults:5)
  5 vault wardens (Vaults:5)
  An ironbound thunderhulk (Vaults:5)
  An ironbound preserver (Vaults:5)
  A stone giant (Vaults:5)
  A deep elf annihilator (Vaults:5)
  A yellow draconian (Zot:5)
  A purple draconian (Zot:5)
  A ragged hierophant (Desolation)
  2 ettins (Vaults:5)
  2 yaktaur captains (Vaults:5)
  16 vault guards
  An alligator (Swamp:3)
  A deep elf knight (Elf:1)
  A shadow wraith (Vaults:1)
  A phantasmal warrior (Vaults:5)
  An ironbound convoker (Vaults:5)
  A mana viper (shapeshifter) (Vaults:5)
  A molten gargoyle (Desolation)
  A komodo dragon (D:13)
  3 bloated husks
  2 raiju (Abyss:2)
  A saltling (Desolation)
  A flying skull (Depths:3)
  A spriggan (Swamp:3)
  A fire elemental (Elf:1)
  6 humans (D:13)
  A redback (Spider:4)
  A swamp worm (Swamp:3)
  A boggart (shapeshifter) (Vaults:5)
  3 killer bees (D:9)
  2 orc priests (Elf:1)
  An orc wizard (Elf:1)
  A dart slug (shapeshifter) (Vaults:5)
  4 orcs
  24 foxfires
  6 starspawn tentacles
122 creatures vanquished.

Grand Total: 2076 creatures vanquished

Notes
Turn   | Place    | Note
-------+----------+-------------------------------------------
     0 | D:1      | Kearsarge the Vampire Wanderer began the quest for the Orb.
     0 | D:1      | Kearsarge set off with the following items: a +0 dagger, 11
                  | poisoned darts, a scroll of fog, a +0 robe; and the
                  | following spells available to memorise: Summon Small
                  | Mammal, Call Imp, Freeze, Hailstorm, Summon Lightning
                  | Spire.
     0 | D:1      | Reached XP level 1. HP: 13/13 MP: 2/2
     2 | D:1      | Learned a level 1 spell: Freeze
    86 | D:1      | Reached skill level 1 in Unarmed Combat
   137 | D:1      | Reached XP level 2. HP: 8/19 MP: 3/3
   405 | D:1      | Gained mutation: You are afflicted with vampirism and can
                  | become a bat while bloodless. [Vampire growth]
   405 | D:1      | Reached XP level 3. HP: 25/25 MP: 4/4
   716 | D:2      | Found a faded altar of an unknown god.
   784 | D:2      | Reached skill level 1 in Fighting
   880 | D:2      | Learned a level 2 spell: Call Imp
  1099 | D:2      | Found Zallento's General Store.
  1104 | D:2      | Bought a potion of heal wounds for 65 gold pieces
  1283 | D:2      | Found a runed translucent door.
  1284 | D:2      | Noticed Crazy Yiuf
  1542 | D:3      | Noticed Natasha
  1733 | D:3      | Found Heachy's Magic Scroll Shoppe.
  1755 | D:3      | Bought a scroll of identify for 26 gold pieces
  1790 | D:3      | Killed Natasha
  1791 | D:3      | Reached XP level 4. HP: 31/32 MP: 5/5
  1844 | D:3      | Found Goefij's Distillery.
  1866 | D:3      | Found Jumm's Assorted Antiques.
  1874 | D:3      | Bought a scroll labelled KURCHEM ARIL for 21 gold pieces
  1957 | D:3      | Bought a potion of lignification for 36 gold pieces
  2001 | D:3      | Noticed Natasha
  2007 | D:3      | Killed Natasha
  2242 | D:3      | Reached skill level 2 in Fighting
  2242 | D:3      | Reached XP level 5. HP: 38/38 MP: 6/6
  2271 | D:3      | Reached skill level 5 in Unarmed Combat
  2878 | D:4      | You fall into a shaft and drop 2 floors!
  2957 | D:6      | Reached XP level 6. HP: 42/46 MP: 7/7
  2991 | D:6      | Found a glowing drain.
  3025 | Sewer    | Entered a sewer
  3108 | Sewer    | Reached skill level 3 in Fighting
  3258 | Sewer    | Reached XP level 7. HP: 52/52 MP: 8/8
  3566 | D:6      | Reached skill level 4 in Fighting
  3650 | D:5      | Entered Level 5 of the Dungeon
  3866 | D:5      | Found Cyamick's Commerce Corner.
  4310 | D:4      | Reached XP level 8. HP: 61/61 MP: 9/9
  4932 | D:5      | Reached skill level 5 in Fighting
  5633 | D:7      | Found a staircase to the Ecumenical Temple.
  5640 | Temple   | Entered the Ecumenical Temple
  5646 | Temple   | Became a worshipper of Gozag Ym Sagoz the Greedy
  5808 | D:6      | Reached skill level 10 in Unarmed Combat
  6256 | D:7      | Reached skill level 6 in Fighting
  6256 | D:7      | Reached XP level 9. HP: 65/69 MP: 10/10
  6414 | D:7      | Found a hide-covered altar of Uskayaw.
  6506 | D:7      | Found an ornate altar of the Wu Jian Council.
  6548 | D:7      | Found an ancient bone altar of Kikubaaqudgha.
  6548 | D:7      | Found a radiant altar of Vehumet.
  7201 | D:8      | Found a staircase to the Lair.
  7529 | D:8      | Reached skill level 7 in Fighting
  7568 | D:8      | Reached XP level 10. HP: 79/79 MP: 11/11
  8065 | D:9      | Noticed a two-headed ogre
  8070 | D:9      | Killed a two-headed ogre
  8071 | D:9      | Noticed a two-headed ogre
  8077 | D:9      | Noticed Joseph
  8078 | D:9      | Killed a two-headed ogre
  8079 | D:9      | Reached skill level 8 in Fighting
  8084 | D:9      | Killed Joseph
  8231 | D:9      | Noticed Erolcha
  8231 | Abyss:2  | Cast into level 2 of the Abyss (Erolcha)
  8262 | Abyss:2  | Noticed a large abomination
  8386 | Abyss:2  | Noticed an orange demon
  8408 | Abyss:2  | Noticed a sixfirhy
  8427 | Abyss:2  | Found a corrupted altar of Lugonu.
  8453 | Abyss:2  | Noticed a tentacled starspawn
  8455 | Abyss:2  | Noticed a worldbinder
  8459 | Abyss:2  | Noticed a goliath frog
  8461 | Abyss:2  | Noticed a bog body
  8462 | Abyss:2  | Noticed a bog body
  8464 | Abyss:2  | Noticed a cacodemon
  8465 | Abyss:2  | Noticed an orange demon
  8469 | Abyss:2  | Noticed a goliath frog
  8592 | Abyss:2  | Noticed a large abomination
  8606 | Abyss:2  | Killed a large abomination
  8642 | Abyss:2  | Noticed a tentacled monstrosity
  8644 | Abyss:2  | Noticed a wretched star
  8752 | Abyss:2  | Noticed a starcursed mass
  8850 | Abyss:2  | Noticed a smoke demon
  8865 | Abyss:2  | Killed a smoke demon
  8866 | Abyss:2  | Reached skill level 9 in Fighting
  8870 | Abyss:2  | Noticed a blizzard demon
  8873 | D:9      | Escaped the Abyss
  9107 | D:2      | Bought a potion of curing for 39 gold pieces
  9107 | D:2      | Bought a scroll of teleportation for 39 gold pieces
  9155 | D:3      | Bought a scroll of acquirement for 676 gold pieces
  9155 | D:3      | Bought a scroll of identify for 26 gold pieces
  9155 | D:3      | Bought a scroll of identify for 26 gold pieces
  9155 | D:3      | Acquired the +3 pair of mountain boots {steadfast, rC+}
  9155 | D:3      | Found the +3 pair of mountain boots {steadfast, rC+}
  9236 | D:3      | Noticed Natasha
  9244 | D:3      | Killed Natasha
  9467 | D:9      | Noticed Amaemon
  9467 | D:9      | Noticed an orange demon
  9479 | D:9      | Killed Erolcha
  9480 | D:9      | Reached skill level 15 in Unarmed Combat
  9480 | D:9      | Reached XP level 11. HP: 52/89 MP: 12/12
  9481 | D:9      | Killed Amaemon
  9605 | D:9      | Noticed a two-headed ogre
  9633 | D:10     | Entered Level 10 of the Dungeon
 10056 | D:10     | Found a staircase to the Orcish Mines.
 10317 | D:10     | Found Wublec's Distillery.
 10326 | D:10     | Bought a potion of heal wounds for 60 gold pieces
 10326 | D:10     | Bought a potion of heal wounds for 60 gold pieces
 10326 | D:10     | Bought 2 potions of heal wounds for 120 gold pieces
 10326 | D:10     | Bought a potion of lignification for 36 gold pieces
 10338 | D:10     | Found Neitsid's Weapon Shoppe.
 10408 | D:10     | Found Qeulot's Antique Weapon Boutique.
 10593 | D:10     | Found Apson's Book Emporium.
 10798 | D:11     | Noticed a white ugly thing
 10806 | D:10     | Killed a white ugly thing
 10870 | Lair:1   | Entered Level 1 of the Lair of Beasts
 11585 | Lair:1   | Reached skill level 10 in Fighting
 11778 | Lair:1   | Reached skill level 1 in Stealth
 11998 | Lair:2   | Noticed a four-headed hydra
 12008 | Lair:2   | Killed a four-headed hydra
 12009 | Lair:2   | Reached skill level 1 in Dodging
 12083 | Lair:2   | Reached skill level 5 in Stealth
 12395 | Lair:2   | Found a staircase to the Swamp.
 12601 | D:2      | Bought a +2 scale mail of poison resistance for 234 gold
                  | pieces
 12697 | D:3      | Bought a potion of haste for 120 gold pieces
 12697 | D:3      | Bought a potion of curing for 36 gold pieces
 12697 | D:3      | Bought a potion of heal wounds for 60 gold pieces
 12846 | Lair:2   | Reached XP level 12. HP: 97/97 MP: 13/13
 12849 | Lair:2   | Reached skill level 5 in Dodging
 13040 | Lair:2   | Found a hole to the Spider Nest.
 14356 | Lair:3   | Reached skill level 10 in Dodging
 14536 | Lair:3   | Noticed a five-headed hydra
 14545 | Lair:3   | Killed a five-headed hydra
 15310 | Lair:4   | Identified the +1 leather armour "Wufyt" {Str+4}
 15606 | Lair:4   | Noticed an eight-headed hydra
 15614 | Lair:4   | Killed an eight-headed hydra
 15864 | Lair:5   | Entered Level 5 of the Lair of Beasts
 15893 | Lair:5   | Reached XP level 13. HP: 57/103 MP: 9/14
 16340 | Lair:4   | Bought the +2 pair of gloves "Roeggesunto" {Drain Str+4
                  | Dex+8} for 534 gold pieces
 16999 | Lair:5   | Reached skill level 15 in Dodging
 17518 | Lair:5   | Identified the +0 shortbow of Awkwardness {flame, rN+++
                  | Str+3 Dex-4 Stlth+}
 17810 | Lair:5   | Found a staircase to the Slime Pits.
 18154 | Orc:1    | Entered Level 1 of the Orcish Mines
 18632 | Orc:2    | Entered Level 2 of the Orcish Mines
 18632 | Orc:2    | Found a staircase to the Elven Halls.
 18697 | Orc:2    | Reached skill level 11 in Fighting
 18977 | Orc:2    | Reached XP level 14. HP: 113/113 MP: 15/15
 19214 | Orc:2    | Reached skill level 12 in Fighting
 19416 | Orc:2    | Found Dekumy's General Store.
 19416 | Orc:2    | Found Fexiut's Magic Scroll Shop.
 19681 | Orc:2    | Found Barchop's Antique Armour Shoppe.
 19681 | Orc:2    | Found Poegischy's Distillery.
 19688 | Orc:2    | Bought a scroll of teleportation for 30 gold pieces
 19688 | Orc:2    | Bought a scroll of acquirement for 520 gold pieces
 19688 | Orc:2    | Bought a scroll of silence for 95 gold pieces
 19688 | Orc:2    | Bought a scroll of teleportation for 30 gold pieces
 19688 | Orc:2    | Bought a scroll of teleportation for 30 gold pieces
 19688 | Orc:2    | Bought a scroll of blinking for 75 gold pieces
 19688 | Orc:2    | Bought a scroll of teleportation for 30 gold pieces
 19690 | Orc:2    | Bought a potion of invisibility for 96 gold pieces
 19690 | Orc:2    | Bought a potion of lignification for 36 gold pieces
 19690 | Orc:2    | Bought a potion of lignification for 36 gold pieces
 19690 | Orc:2    | Bought a potion of attraction for 36 gold pieces
 19691 | Orc:2    | Bought a scroll of teleportation for 42 gold pieces
 19691 | Orc:2    | Acquired a manual of Dodging
 20871 | D:11     | Found a runed translucent gate.
 20873 | D:11     | Found a runed translucent gate.
 20873 | D:11     | Found a runed translucent gate.
 20881 | D:11     | Noticed ulamog's ghost (journeyman TrFi)
 20882 | D:11     | Noticed wqsa789's ghost (novice AtFi)
 20882 | D:11     | Noticed Soulflayer's ghost (journeyman TrBe)
 20882 | D:11     | Noticed wqsa789's ghost (journeyman GrFi)
 21091 | D:11     | Found a portal to a secret trove of treasure.
 21274 | D:5      | Bought a +0 crystal plate armour for 1120 gold pieces
 21447 | D:11     | You paid a toll of a +0 crystal plate armour to enter a
                  | treasure trove
 21448 | Trove    | Entered a treasure trove
 21450 | Trove    | Found the +1 robe of Vines {NoPotionHeal Regen++++}
 21452 | Trove    | Identified the +1 cloak of the Silversmith {rF+}
 21467 | Trove    | Identified the +1 cloak of Beogh's Esteem {Int+2}
 21483 | Trove    | Identified the +2 robe "Gunluogror" {Rampage Int+6 Dex-5
                  | SInv}
 21487 | Trove    | Identified the +0 buckler of the Sky {rElec Will+}
 21621 | D:12     | Noticed Nessos
 21623 | D:12     | Noticed Psyche
 21634 | D:12     | Killed Psyche
 21648 | D:12     | Killed Nessos
 22431 | D:12     | Found a runed translucent gate.
 22432 | D:12     | Found a runed translucent gate.
 22433 | D:12     | Found a runed translucent gate.
 22434 | D:12     | Noticed Caerwyn's ghost (journeyman MfSh)
 22436 | D:12     | Noticed rotlqkf's ghost (journeyman DECj)
 22525 | D:12     | Found a shimmering blue altar of Sif Muna.
 22934 | D:13     | Found a gate leading to a gauntlet.
 22946 | Gauntlet | Entered a Gauntlet
 22946 | Gauntlet | Found a transporter.
 22955 | Gauntlet | Found a transporter.
 22958 | Gauntlet | Found a transporter.
 22959 | Gauntlet | Found a transporter.
 22970 | Gauntlet | Found a transporter.
 22970 | Gauntlet | Found a transporter.
 22971 | Gauntlet | Found a transporter.
 22981 | Gauntlet | Found a transporter.
 22983 | Gauntlet | Found a transporter.
 22984 | Gauntlet | Found a transporter.
 22991 | Gauntlet | Found a runed translucent door.
 22994 | Gauntlet | Found a transporter.
 22994 | Gauntlet | Noticed a balrug
 22995 | Gauntlet | Found a transporter.
 22996 | Gauntlet | Found a transporter.
 23002 | Gauntlet | Found a runed translucent gate.
 23002 | Gauntlet | Found a runed translucent gate.
 23002 | Gauntlet | Found a runed translucent gate.
 23004 | Gauntlet | Found a transporter.
 23031 | Gauntlet | Found the +3 robe of Clouds {*Thunder rCloud rElec}
 23219 | Gauntlet | Killed a balrug
 23220 | Gauntlet | Reached XP level 15. HP: 74/120 MP: 9/16
 23238 | Gauntlet | Identified the ring "Umiogemm" {rElec rC+}
 23323 | Gauntlet | Identified the +9 storm dragon scales of Uskayaw {rElec
                  | rPois rC+ Stlth+}
 23378 | Gauntlet | Identified the +1 ice dragon scales of Pathos {rF- rC++
                  | Int+4}
 23407 | D:13     | Noticed Kirke
 23431 | D:13     | Killed Kirke
 24011 | D:13     | Found a gate to the Vaults.
 24021 | D:13     | Identified the +0 plate armour of the Stone Wall {Rampage
                  | rF+ Str+3 Slay-5}
 24517 | D:14     | Found a frozen archway.
 24528 | IceCv    | Entered an ice cave
 24539 | IceCv    | Acquired 1080 gold pieces
 24611 | IceCv    | Reached skill level 1 in Shields
 24866 | IceCv    | Noticed an Ice Fiend
 24913 | IceCv    | HP: 5/183 [Ice Fiend (17)]
 24922 | IceCv    | Killed an Ice Fiend
 25066 | IceCv    | Identified the amulet "Vuxuf" {RegenMP rPois MP+9 Int+7
                  | Stlth-}
 25646 | D:14     | Found a sacrificial altar of Ru.
 26395 | Elf:1    | Entered Level 1 of the Elven Halls
 26656 | Elf:1    | Found Juaq's Jewellery Emporium.
 26657 | Elf:1    | Found Soyn's Book Boutique.
 26658 | Elf:1    | Found Orutty Wupso's Jewellery Emporium.
 26681 | Elf:1    | Bought an amulet of regeneration for 300 gold pieces
 26917 | Elf:1    | Reached XP level 16. HP: 67/129 MP: 17/17
 27297 | Elf:1    | Noticed Azrael
 27356 | Elf:1    | Killed Azrael
 27486 | Elf:1    | Found a runed translucent gate.
 27486 | Elf:1    | Found a runed translucent gate.
 27486 | Elf:1    | Found a runed translucent gate.
 27486 | Elf:1    | Found a runed translucent gate.
 27486 | Elf:1    | Found a runed translucent gate.
 27487 | Elf:1    | Noticed a storm dragon
 27488 | Elf:1    | Found a runed translucent gate.
 27495 | Elf:1    | Got the Treatise on Hiemal Distance
 27498 | Elf:1    | Identified the +1 pair of gloves of the Sparrow {Str+2
                  | Dex+3}
 27630 | Elf:2    | Paralysed by an air elemental for 1 turns
 27634 | Elf:2    | Paralysed by an air elemental for 1 turns
 27779 | Elf:2    | Reached skill level 5 in Shields
 27853 | Elf:2    | Found Miyh's Assorted Antiques.
 27918 | Elf:2    | Paralysed by an air elemental for 1 turns
 27997 | Elf:2    | Bought a potion of might for 168 gold pieces
 28201 | Elf:2    | Noticed Roxanne
 28222 | Elf:2    | Killed Roxanne
 28223 | Elf:2    | Reached skill level 1 in Shapeshifting
 28430 | Elf:2    | Found a huge runed translucent gate.
 28430 | Elf:2    | Found a huge runed translucent gate.
 28430 | Elf:2    | Found a huge runed translucent gate.
 28430 | Elf:2    | Found a huge runed translucent gate.
 28430 | Elf:2    | Found a huge runed translucent gate.
 28495 | Elf:3    | Entered Level 3 of the Elven Halls
 28591 | Elf:3    | Found Narem's Magic Scroll Boutique.
 28594 | Elf:3    | Bought a scroll of blinking for 142 gold pieces
 28594 | Elf:3    | Bought a scroll of immolation for 76 gold pieces
 28594 | Elf:3    | Bought a scroll of fog for 76 gold pieces
 28594 | Elf:3    | Bought a scroll of acquirement for 988 gold pieces
 28600 | Elf:3    | Acquired 701 gold pieces
 28614 | Elf:3    | Reached skill level 13 in Fighting
 29034 | Elf:3    | Found a shimmering blue altar of Sif Muna.
 29177 | Elf:3    | Noticed a deep elf master archer
 29195 | Elf:3    | Killed a deep elf master archer
 29309 | Elf:3    | Reached skill level 14 in Fighting
 29511 | Elf:3    | Reached XP level 17. HP: 106/136 MP: 18/18
 29690 | Elf:3    | Noticed a deep elf master archer
 29798 | Elf:3    | Identified the +7 executioner's axe "Aluyceri" {freeze, Fly
                  | rElec rPois Will+}
 29820 | Elf:3    | Noticed a deep elf blademaster
 29836 | Elf:3    | Killed a deep elf blademaster
 29987 | Elf:3    | Killed a deep elf master archer
 29988 | Elf:3    | Reached skill level 15 in Fighting
 30208 | Elf:3    | Identified the +1 ring mail of the Slug {Contam Rampage
                  | rElec rF++}
 30208 | Elf:3    | Noticed a deep elf blademaster
 30220 | Elf:3    | Killed a deep elf blademaster
 30222 | Elf:3    | Noticed a deep elf blademaster
 30223 | Elf:3    | Identified the +5 arbalest of Cusaudos {freeze, rPois}
 30226 | Elf:3    | Noticed a deep elf master archer
 30397 | Elf:3    | Noticed a deep elf blademaster
 30413 | Elf:3    | Killed a deep elf blademaster
 30433 | Elf:3    | Killed a deep elf blademaster
 30491 | Elf:3    | Killed a deep elf master archer
 30516 | Elf:3    | Reached skill level 16 in Fighting
 30780 | Elf:3    | Got the Precepts of the Fault
 30786 | Elf:3    | Identified the staff "Ixkazig" {rElec rF+ rN+ Int-5 Air}
 30866 | Elf:3    | Identified the staff of the Grave {Str+3 Earth}
 30938 | Elf:3    | Reached skill level 5 in Armour
 30938 | Elf:3    | Reached XP level 18. HP: 153/153 MP: 19/19
 30939 | Elf:3    | Reached XP level 19. HP: 159/159 MP: 20/20
 30979 | Elf:3    | Got the Monograph on the Tektite
 31261 | Swamp:1  | Entered Level 1 of the Swamp
 32003 | Swamp:2  | Reached skill level 17 in Fighting
 32621 | Swamp:3  | Identified the serpent talisman "Nutag" {rC+}
 32621 | Swamp:3  | Noticed Aizul
 32638 | Swamp:3  | Killed Aizul
 33119 | Swamp:3  | Identified the +0 pair of gloves "Extowut" {rN+ Will+}
 33119 | Swamp:3  | Noticed Nikola
 33139 | Swamp:3  | Killed Nikola
 33140 | Swamp:3  | Reached skill level 10 in Shields
 33140 | Swamp:3  | Reached XP level 20. HP: 155/168 MP: 21/21
 33343 | Swamp:4  | Entered Level 4 of the Swamp
 33776 | Swamp:4  | Noticed Donald
 33799 | Swamp:4  | Killed Donald
 34205 | Swamp:4  | Got the Directory of Weather
 34217 | Swamp:4  | Got a decaying rune of Zot
 34403 | Spider:1 | Entered Level 1 of the Spider Nest
 34438 | Spider:1 | Bought the +3 pair of gauntlets of War {Slay+5} for 760
                  | gold pieces
 34438 | Spider:1 | Found the +3 pair of gauntlets of War {Slay+5}
 34790 | Spider:1 | Gained mutation: You sometimes lose your temper in combat.
                  | [mutagenic glow]
 35088 | Spider:1 | Lost mutation: You sometimes lose your temper in combat.
                  | [potion of mutation]
 35088 | Spider:1 | Gained mutation: You expend magic power (3 MP) to
                  | strengthen your wands. [potion of mutation]
 35088 | Spider:1 | Gained mutation: You are dopey. (Int -2) [potion of
                  | mutation]
 35088 | Spider:1 | Gained mutation: You have sharp fingernails. [potion of
                  | mutation]
 37176 | Spider:3 | Reached skill level 15 in Shields
 37696 | Spider:4 | Entered Level 4 of the Spider Nest
 37732 | Spider:4 | Noticed Mlioglotl
 37740 | Spider:4 | Killed Mlioglotl
 37988 | Spider:4 | Reached XP level 21. HP: 144/174 MP: 22/22
 38208 | Spider:4 | Got a gossamer rune of Zot
 39326 | Vaults:1 | Entered Level 1 of the Vaults
 39407 | Abyss:2  | Cast into level 2 of the Abyss (a deep elf demonologist)
 39520 | Abyss:2  | Paralysed by accursed screaming for 1 turns
 39525 | Abyss:2  | Paralysed by accursed screaming for 1 turns
 39942 | Abyss:2  | Reached skill level 18 in Fighting
 39944 | Vaults:1 | Escaped the Abyss
 40663 | Vaults:1 | Found Soezuang's Book Shoppe.
 41424 | Vaults:2 | Found a staircase to the Crypt.
 41424 | Vaults:2 | Found an ancient bone altar of Kikubaaqudgha.
 41424 | Vaults:2 | Found a basalt altar of Yredelemnul.
 41456 | Vaults:2 | Noticed Jory
 41469 | Vaults:2 | Killed Jory
 41637 | Vaults:2 | Found a crumbling gateway.
 41646 | Desolati | Entered the Desolation of Salt
 41775 | Desolati | Reached skill level 19 in Fighting
 42061 | Desolati | Reached XP level 22. HP: 182/183 MP: 23/23
 42139 | Desolati | Got the Almanac of the Blessed Realm
 42175 | Desolati | Got the Precepts of Molten Clouds
 42212 | Desolati | Got the Monograph on the Shift
 42219 | Desolati | Got Sif Muna's Parchment of the Nocuous Wyrd
 42465 | Desolati | Identified the ring of Huepnu {Wiz *Slow rElec rN+ Dex+3}
 42626 | Desolati | Identified the ring "Gacinn" {Fire Str+5}
 42750 | Desolati | Identified the ring of Hawoarov {rPois rC+ rN+ Stlth+}
 43107 | Vaults:2 | Noticed Mennas
 43243 | Vaults:2 | Paralysed by a formless jellyfish for 1 turns
 43262 | Vaults:2 | Reached skill level 20 in Fighting
 43427 | Vaults:2 | Found the +10 morningstar "Eos" {elec, Halo rElec}
 43617 | Vaults:2 | Identified the +9 arbalest "Tomuba" {freeze, Str+6}
 43636 | Vaults:2 | Killed Mennas
 43695 | Vaults:2 | Reached skill level 21 in Fighting
 43934 | Vaults:2 | Found Jahoim's Book Emporium.
 45400 | Vaults:4 | Found Illog's Assorted Antiques.
 45403 | Vaults:4 | Bought a scroll of fear for 140 gold pieces
 45403 | Vaults:4 | Bought a scroll of teleportation for 105 gold pieces
 45544 | Vaults:4 | Reached skill level 22 in Fighting
 45675 | Vaults:4 | Reached XP level 23. HP: 187/203 MP: 24/24
 46554 | Vaults:5 | Entered Level 5 of the Vaults
 46604 | Vaults:5 | Noticed a dread lich
 46691 | Vaults:5 | Identified the ring "Vobrezid" {rC+ rN++}
 46709 | Vaults:5 | Identified the amulet of Yesterday {Acrobat Str+3}
 46733 | Vaults:5 | Identified the +1 leather armour "Raqyump" {Int+4 Slay+5}
 46917 | Vaults:5 | Identified the amulet of Idyducai {RegenMP rCorr Int+6
                  | Dex-2}
 46947 | Vaults:5 | Identified the +4 ring mail of the Crypt {rPois Will- MP+9
                  | Str+4}
 46960 | Vaults:5 | Identified the +0 flail of Disharmony {freeze, rF++ Will-
                  | Dex+2}
 46974 | Vaults:5 | Reached skill level 23 in Fighting
 46998 | Vaults:5 | Paralysed by a sphinx for 3 turns
 47059 | Vaults:5 | Got Hyaplyarr's Essays on the Sandy Evil Eye
 47063 | Vaults:5 | Identified the staff of Annihilation {*Slow +Blink MP+9
                  | Str-3 Int+6 Earth}
 47355 | Abyss:3  | Cast into level 3 of the Abyss (a deep elf demonologist)
 47442 | Vaults:5 | Escaped the Abyss
 48133 | Vaults:5 | Got a silver rune of Zot
 48213 | Vaults:5 | Reached skill level 24 in Fighting
 48702 | D:15     | Entered Level 15 of the Dungeon
 48752 | D:15     | Noticed Josephine
 48765 | D:15     | Killed Josephine
 49240 | D:15     | Found a staircase to the Depths.
 49454 | Depths:1 | Entered Level 1 of the Depths
 49633 | Depths:1 | Found a gateway to Hell.
 49778 | Depths:1 | Found an ornate altar of the Wu Jian Council.
 49781 | Depths:1 | Noticed Saint Roka
 49805 | Depths:1 | Killed Saint Roka
 49962 | Depths:1 | Found a one-way gateway to a ziggurat.
 50006 | Zig:1    | Entered Level 1 of a ziggurat
 50006 | Zig:1    | Noticed Luheury the pandemonium lord
 50028 | Zig:1    | Killed Luheury the pandemonium lord
 50060 | Zig:2    | Entered Level 2 of a ziggurat
 50099 | Zig:3    | Entered Level 3 of a ziggurat
 50100 | Zig:3    | Noticed Huhaugog the pandemonium lord
 50120 | Zig:3    | Killed Huhaugog the pandemonium lord
 50121 | Zig:3    | Reached XP level 24. HP: 154/219 MP: 13/24
 50126 | Zig:3    | Identified the +2 pair of boots of the Squeaky God {rF-
                  | Will++ rCorr MP+9}
 50175 | Zig:4    | Entered Level 4 of a ziggurat
 50471 | Depths:1 | Found a one-way gate to the infinite horrors of the Abyss.
 50711 | Depths:2 | Reached skill level 25 in Fighting
 51162 | Depths:2 | Found a one-way gate leading to the halls of Pandemonium.
 51387 | Depths:2 | Found Pugaip's Tremendous Tomes.
 52743 | Depths:3 | Identified the +6 dagger of Compound Interest {drain,
                  | Contam rF+ Int+5 Dex+2}
 52824 | Depths:4 | Entered Level 4 of the Depths
 52886 | Depths:4 | Found a flickering gateway to a bazaar.
 52894 | Bazaar   | Entered a bazaar
 52908 | Bazaar   | Found Rilioch's Armour Shoppe.
 52924 | Bazaar   | Found Rebepsuv's Book Emporium.
 52940 | Bazaar   | Found Ipast's Book Shoppe.
 53027 | Depths:4 | Identified the serpent talisman of the Sandy Slorg {rElec
                  | rPois MP-9 Slay+3}
 53039 | Depths:4 | Found a shadowy altar of Dithmenos.
 53414 | Depths:4 | Found a gate to the Realm of Zot.
 53650 | Zot:1    | Entered Level 1 of the Realm of Zot
 53728 | Zot:2    | Found a runed translucent gate.
 53729 | Zot:2    | Found a runed translucent gate.
 53730 | Zot:2    | Found a runed translucent gate.
 54490 | Zot:4    | Reached XP level 25. HP: 205/227 MP: 24/24
 54652 | Zot:4    | Found a runed translucent door.
 54652 | Zot:4    | Noticed Jyfueq's ghost (master GrHu)
 54718 | Zot:5    | Entered Level 5 of the Realm of Zot
 54832 | Zot:5    | Reached skill level 10 in Armour
 55230 | Zot:5    | Noticed a Killer Klown
 55232 | Zot:5    | Noticed an orb of fire
 55234 | Zot:5    | Noticed an orb of fire
 55235 | Zot:5    | Noticed a Killer Klown
 55236 | Zot:5    | Noticed an orb of fire
 55389 | Zot:5    | Killed a Killer Klown
 55403 | Zot:5    | Killed an ancient lich
 55407 | Zot:5    | Killed a dread lich
 55500 | Zot:5    | Got the Orb of Zot
 55801 | D:13     | Noticed an ancient lich
 55801 | D:13     | Noticed Bobos the pandemonium lord
 55903 | D:9      | Noticed Arunn the pandemonium lord
 56016 | D:2      | Noticed Qumesch the pandemonium lord
 56156 | D:$      | Escaped with the Orb!

Illustrated notes

Levels and vault maps discovered:
D:1:      dreamdust_arrival_sigmund_warning, layout_rooms
D:2:      layout_basic, dreamdust_ecumenical_altar_grove, serial_shops, shop,
          uniq_crazy_yiuf_cottage
D:3:      layout_loops_cross, serial_shops, shop, nicolae_shop_window_shopping,
          shop, kennysheep_orc_chapel, uniq_natasha
D:4:      layout_basic, grunt_ministairs_15
D:5:      layout_cave_pods, nicolae_zen_rock_garden,
          corexii_item_surrounded_by_moat, minmay_door_square,
          nicolae_alphabet_shops
D:6:      layout_basic, nicolae_tso_besieged_by_evil, portal_sewer_entry_f
D:7:      layout_basic, mainiacjoe_overflow_large_starburst,
          grunt_temple_overflow_open, minmay_temple_entry_slanted
D:8:      layout_loops_ring, dpeg_oklobed_lair, kennysheep_flooded_box
D:9:      layout_roguey, uniq_erolcha, uniq_amaemon, uniq_joseph
D:10:     layout_loops_ring, orc_0_dummy, serial_shops,
          nicolae_shop_advertising_works [nicolae_subvault_shop_adworks], shop,
          shop, nicolae_shop_trees, chequers_serial_rivers_micro_c,
          kennysheep_generic_room_13
D:11:     layout_loops_ring, gammafunk_ghost_cemetery,
          nicolae_trove_entry_diagonal, roderic_roman_lattice
D:12:     layout_loops_ring, gammafunk_ghost_cemetery, led_sif_book,
          uniq_psyche, uniq_nessos
D:13:     layout_big_octagon, ximxim_vaults_locker_room, gauntlet_entry_generic,
          uniq_kirke
D:14:     layout_layer_cave, nicolae_ru_the_path_less_chosen,
          portal_ice_cave_entry_pillars_2
D:15:     grunt_enter_depths_giant_problem, layout_basic, minmay_misc_feat_room,
          uniq_josephine
Temple:   sentei_temple_godly_chess
Lair:1:   layout_cave_pods, minivault_19, chequers_serial_rivers_marsh
Lair:2:   layout_roguey, minmay_swamp_entry_eels, spider_nest_entry_webs,
          small_statue_intersection, chequers_serial_rivers_large_a,
          lemuel_fruit_fields
Lair:3:   layout_hall_layers, serial_bayou_shore_b, serial_bayou_shore_a,
          wad_woods_river_01, infiniplex_staircase_pool, lemuel_fruit_tree
Lair:4:   layout_gridlike, nicolae_lair_grove_arrangements
Lair:5:   gammafunk_lair_ancient_temple, layout_regular_city,
          minmay_slime_entry_oklob_enclosed, lemuel_fruit_fields
Swamp:1:  layout_basic_swamp, hangedman_swamp_ruin_hall
Swamp:2:  layout_basic_swamp, nicolae_swamp_small_spring
Swamp:3:  layout_basic_swamp, evilmike_swamp_ruin_house_6, uniq_nikola,
          uniq_aizul
Swamp:4:  swamp, layout_basic_swamp, uniq_donald
Spider:1: nicolae_spider_hilbert_zone_3 [nicolae_spider_hilbert_4_sides_2_open,
          nicolae_spider_hilbert_3_sides_1_open,
          nicolae_spider_hilbert_3_sides_1_open,
          nicolae_spider_hilbert_3_sides_1_open,
          nicolae_spider_hilbert_3_sides_1_open,
          nicolae_spider_hilbert_4_sides_1_open,
          nicolae_spider_hilbert_4_sides_1_open,
          nicolae_spider_hilbert_4_sides_1_open,
          nicolae_spider_hilbert_4_sides_1_open,
          nicolae_spider_hilbert_4_sides_1_open,
          nicolae_spider_hilbert_4_sides_1_open,
          nicolae_spider_hilbert_4_sides_1_open,
          nicolae_spider_hilbert_4_sides_1_open,
          nicolae_spider_hilbert_3_sides_1_open,
          nicolae_spider_hilbert_3_sides_1_open,
          nicolae_spider_hilbert_3_sides_1_open,
          nicolae_spider_hilbert_3_sides_1_open]
Spider:2: layout_spider_delve
Spider:3: layout_cave_pods
Spider:4: grunt_spider_rune_circles, nicolae_spider_scorpion_nest,
          uniq_mlioglotl
Orc:1:    layout_diamond_mine
Orc:2:    st_orc_ogre_mass, layout_caves
Elf:1:    layout_geoelf_diagonals, orc_legates, minmay_shop_grove, uniq_azrael
Elf:2:    elven_hall_of_blades_hangedman_alternative [nicolae_blade_bullseye],
          layout_loops_ring, serial_shops, nicolae_shop_just_a_little_nook,
          dk_noncrumbling_2, uniq_roxanne
Elf:3:    nooodl_elf_gasket, layout_loops_corners, serial_co_window_serial,
          co_window_corner_a, co_window_paths_a, co_window_paths_a,
          co_window_corner_a, co_window_paths_b, co_window_paths_b,
          co_window_of_opportunity_a, co_window_corner_a, co_window_paths_a,
          co_window_of_opportunity_b, co_window_corner_ca, co_window_corner_cb,
          glass_columns_b, glass_columns_a, glass_columns_b, glass_columns_b,
          glass_columns_a, basic_altar, serial_shops, nicolae_shop_behind_doors
Vaults:1: hangedman_vaults_slice, nicolae_vaults_little_squares_1, v_misc_12,
          ontoclasm_vaults_idyll, nicolae_vaults_sesquioval_fish, st_lines,
          vaults_room_semicircle, vaults_standard_mumra_x,
          vaults_room_grunt_arrival_ludios, v_misc_3, nicolae_vaults_rhombus_6,
          nicolae_vaults_tetromino_Z_1, nicolae_vaults_ring_of_whatevers,
          nicolae_vaults_circle_grid_a, layout_vaults_ring, serial_shops, shop
Vaults:2: portal_desolation_entry_nicolae_slug, nicolae_vaults_ninety_degrees,
          st_eye, nicolae_vaults_offset_grid_hallway_2, vaults_room_octagon,
          minmay_crypt_entry_necro_gods, v_misc_19,
          nicolae_vaults_yaktaur_gun_rack, vaults_dpeg_doors,
          nicolae_vaults_variable_pillar_hall, nicolae_vaults_tetromino_Z_2,
          nicolae_vaults_sesquioval_fish, dpeg_vaults_monster_box,
          nicolae_vaults_specimen_jars, vaults_mumra_hexcomb,
          nicolae_vaults_trapezoid_lopsided_1, layout_vaults_omnibox,
          serial_shops, shop, uniq_jory, uniq_mennas
Vaults:3: vaults_room_octagon, vaults_dpeg_hooks,
          hangedman_vaults_stretched_pinwheel, ontoclasm_vaults_ring_small,
          vaults_standard_mumra_lines, nicolae_vaults_closet_pinwheel_5,
          vaults_room_grunt_arrival_checkpoint, v_misc_28,
          vaults_room_stairs_pillars, nicolae_vaults_storage_room_glass,
          nicolae_vaults_wrenched, vaults_room_door_ring,
          vaults_mumra_minichess, nicolae_vaults_little_ls, v_misc_24,
          layout_vaults_omnicross, serial_shops
Vaults:4: vaults_room_ringed_pool, nicolae_vaults_gold_heap, v_misc_30,
          hangedman_vaults_nodes, nicolae_vaults_closet_pinwheel_1,
          hangedman_vaults_stretched_pinwheel, nicolae_vaults_mini_display_case,
          nicolae_vaults_door_testing_chamber, vaults_room_pools,
          hangedman_vaults_corner, nicolae_vaults_double_plus_2,
          nicolae_vaults_know_your_exits, nicolae_vaults_offset_grid_hallway_4,
          layout_vaults_maze_bifur, serial_shops, nicolae_shop_behind_doors
Vaults:5
Depths:1: layout_long_grid, enter_ziggurat_b, abyss_entry_small_statue_room,
          nicolae_wu_jian_wuxing_cycle, grunt_mini_vestibule, evilmike_butchery,
          grunt_megastairs_2, uniq_saint_roka
Depths:2: nicolae_cairo_tiling_large_dashed, layout_gridlike,
          hangedman_abyss_entry_splay, hangedman_decor_growths, pf_coc_iceberg,
          rand_demon_pan_entry_7, nicolae_shop_i_like_big_books,
          serial_library_hellmonk_h_bend
Depths:3: hangedman_screamer, layout_cave_pools, hell_entry,
          minmay_room_of_horrors, serial_column_ruins,
          column_ruins_portal_astroid, column_ruins_hut, column_ruins_hut_water,
          column_ruins_grid_1, column_ruins_corridor_T,
          column_ruins_corridor_dead_end, column_ruins_open_small_water
Depths:4: grunt_zot_entry_bicorn, layout_honeycomb, serial_shops,
          bzr_entry_road, hell_entry, grunt_dithmenos_smoke, pan_entry
Zot:1:    layout_gridlike, st_stairs_12, regret_index_zotdec_banners
Zot:2:    layout_concentric_octagons, gammafunk_ghost_tricky_traps,
          hangedman_zot_gyre, st_single_dragon_hoard_2, uniq_vv, uniq_grunn,
          uniq_josephina
Zot:3:    layout_onion_interference, grunt_megastairs_1, lemuel_elevator
Zot:4:    kennysheep_spiral_hall, layout_onion_interference,
          ebering_ghost_inner_flame, nicolae_tricolors
Zot:5:    layout_onion

Skill      XL: |  1  2  3  4  5  6  7  8  9 10 11 12 13 14 15 16 17 18 19 20 21 22 23 24 25 |
---------------+----------------------------------------------------------------------------+-----
Unarmed Combat | 1 2 3 4 5 6 8 10 12 15 16 17 18 20 21 23 24 | 24.0
Fighting       | 1 2 3 4 6 7 9 10 11 12 14 16 17 19 22 24 25 | 25.0
Stealth        | 5 |  5.0
Dodging        | 4 12 15 17 20 23 | 23.4
Shields        | 4 6 7 10 15 | 15.0
Armour         | 4 5 9 13 | 13.2
Shapeshifting  | 2 |  2.8
Throwing       | |  1.5
Spellcasting   | |  1.0
Summonings     | |  4.0
Ice Magic      | |  1.0
Evocations     | |  1.0

Action                     |  1- 3 |  4- 6 |  7- 9 | 10-12 | 13-15 | 16-18 | 19-21 | 22-24 | 25-27 || total
---------------------------+-------+-------+-------+-------+-------+-------+-------+-------+-------++-------
  Melee: Dagger            |    12 |       |       |       |       |       |       |       |       ||    12
         Punch             |     1 |       |    16 |    64 |    49 |       |       |       |       ||   130
         Unarmed           |       |    84 |   348 |   670 |  1481 |   716 |  2145 |  2468 |   190 ||  8102
         Bite              |       |     6 |    43 |    78 |   245 |    88 |   379 |   487 |    41 ||  1367
   Fire: Sling             |   126 |    85 |       |       |       |       |       |       |       ||   211
  Throw: Dart              |    14 |       |    13 |     4 |       |       |       |       |       ||    31
         Throwing net      |       |       |       |       |       |     2 |       |       |       ||     2
   Cast: Freeze            |     9 |    18 |    17 |       |       |       |       |       |       ||    44
         Call Imp          |     3 |     1 |    18 |     1 |       |       |       |       |       ||    23
 Invoke: Call Merchant     |       |       |       |     1 |     1 |       |     3 |       |       ||     5
         Potion Petition   |       |       |       |       |     2 |     2 |     1 |     4 |     1 ||    10
         Bribe Branch      |       |       |       |       |       |       |       |     1 |     2 ||     3
  Evoke: Wand              |     3 |    12 |     3 |    72 |    36 |     7 |    21 |     3 |       ||   157
         Phial of floods   |       |       |       |       |       |     2 |     2 |     1 |       ||     5
         Lightning rod     |       |       |       |       |       |       |       |     8 |       ||     8
         Phantom mirror    |       |       |       |       |       |       |       |     1 |       ||     1
    Use: Scroll            |     5 |     2 |    12 |    18 |    12 |    21 |    14 |    13 |    14 ||   111
         Potion            |       |     2 |     1 |    10 |    11 |    15 |    15 |     6 |       ||    60
   Stab: Invisible         |       |       |       |     5 |     2 |       |       |     3 |       ||    10
         Distracted        |       |       |       |     4 |    11 |     4 |    23 |    16 |     1 ||    59
         Sleeping          |       |       |       |       |       |       |       |     1 |       ||     1
 Armour: Robe              |    24 |     7 |       |       |       |       |       |       |       ||    31
         Skin              |       |    43 |       |       |    57 |    15 |       |       |       ||   115
         Ring mail         |       |    79 |   240 |   216 |       |       |       |       |       ||   535
         Scale mail        |       |       |       |   178 |   333 |       |       |       |       ||   511
         Fire dragon scale |       |       |       |       |     8 |       |       |       |       ||     8
         Storm dragon scal |       |       |       |       |   223 |   321 |  1745 |  1482 |    94 ||  3865
  Dodge: Dodged            |    25 |    76 |   181 |   450 |  1022 |   216 |  1103 |   659 |    51 ||  3783
  Block: Buckler           |       |       |       |       |   153 |       |       |       |       ||   153
         Kite shield       |       |       |       |       |   113 |   235 |  1614 |  1522 |   113 ||  3597
         Reflection        |       |       |       |       |       |       |    19 |    51 |     1 ||    71

Table legend: (Time is in decaauts)
 A = Elapsed time spent in this place.
 B = Non-inter-level travel time spent in this place.
 C = Inter-level travel time spent in this place.
 D = Time resting spent in this place.
 E = Time spent auto-exploring this place.
 F = Levels seen in this place.
 G = Mean time per level.
                   A        B        C        D        E       F      G
               +--------+--------+--------+--------+--------+-----+--------+
         Total |  54186 |  47547 |   6639 |   2937 |  31099 |  61 |  888.3 |
       Dungeon |  16094 |  13195 |   2899 |    313 |  10001 |  15 | 1072.9 |
        Temple |     27 |     17 |     10 |      3 |      0 |   1 |   27.0 |
          Lair |   6809 |   6317 |    492 |    398 |   4581 |   5 | 1361.8 |
         Swamp |   3145 |   2968 |    177 |    158 |   1967 |   4 |  786.2 |
   Spider Nest |   4502 |   4328 |    174 |    225 |   3005 |   4 | 1125.5 |
  Orcish Mines |   1862 |   1629 |    233 |    141 |   1032 |   2 |  931.0 |
   Elven Halls |   4510 |   3517 |    993 |    737 |   1423 |   3 | 1503.3 |
        Vaults |   7006 |   6333 |    673 |    121 |   4635 |   5 | 1401.2 |
        Depths |   3656 |   3375 |    281 |    175 |   2255 |   4 |  914.0 |
           Zot |   1848 |   1146 |    702 |     75 |    527 |   5 |  369.6 |
         Abyss |   1195 |   1195 |      0 |    316 |      0 |   3 |  398.3 |
      Ziggurat |    255 |    255 |      0 |     49 |     89 |   4 |   63.8 |
        Bazaar |     68 |     68 |      0 |      0 |     62 |   1 |   68.0 |
         Trove |     73 |     73 |      0 |      0 |      3 |   1 |   73.0 |
         Sewer |    548 |    548 |      0 |     68 |    260 |   1 |  548.0 |
      Ice Cave |   1024 |   1024 |      0 |      0 |    682 |   1 | 1024.0 |
    Desolation |   1131 |   1131 |      0 |     73 |    417 |   1 | 1131.0 |
      Gauntlet |    426 |    426 |      0 |     83 |    156 |   1 |  426.0 |
               +--------+--------+--------+--------+--------+-----+--------+

Top non-repeatable levels by time:
   Elf:3: 2468 daAuts
Vaults:5: 1816 daAuts
  Lair:5: 1739 daAuts
  Lair:3: 1547 daAuts
Vaults:2: 1411 daAuts
Spider:1: 1394 daAuts
Vaults:1: 1386 daAuts
     D:6: 1289 daAuts
   Elf:1: 1273 daAuts
    D:11: 1256 daAuts
  Lair:2: 1249 daAuts
Spider:4: 1248 daAuts
Vaults:4: 1241 daAuts
     D:3: 1237 daAuts
    D:12: 1221 daAuts
